 Dungeon Crawl Stone Soup version 0.26.1-2-gb8aa6d0cf2 (webtiles) character file.

Game seed: 16528686759520893451

60 phalm the Digger (level 4, 19/24 HPs)
             Began as a Gargoyle Earth Elementalist on Mar 4, 2021.
             Quit the game on level 2 of the Dungeon.
             The game lasted 00:11:09 (2395 turns).

phalm the Digger (Gargoyle Earth Elementalist)      Turns: 2395, Time: 00:11:10

Health: 19/24      AC:  5    Str: 12    XL:     4   Next: 6%
Magic:  8/8        EV: 12    Int: 22    God:
Gold:   138        SH:  0    Dex: 10    Spells: 2/9 levels left

rFire    . . .     SeeInvis .   p - +0 mace (vorpal)
rCold    . . .     Faith    .   (no shield)
rNeg     + . .     Spirit   .   c - +0 robe
rPois    ∞         Reflect  .   (no helmet)
rElec    +         Harm     .   (no cloak)
rCorr    .         Rampage  .   (no gloves)
Will     .....                  (no boots)
Stlth    ++........             (no amulet)
HPRegen  0.08/turn              d - ring of wizardry
MPRegen  0.11/turn              k - +6 ring of intelligence

@: no status effects
A: negative energy resistance 1, electricity resistance, unbreathing,
petrification resistance, miasma immunity, AC +3
a: no special abilities


You were on level 2 of the Dungeon.
You visited 1 branch of the dungeon, and saw 3 of its levels.

You collected 138 gold pieces.

Inventory:

Hand Weapons
 p - a +0 vorpal mace (weapon)
Armour
 b - a +0 plate armour
 c - a +0 robe (worn)
Jewellery
 d - a ring of wizardry (left hand)
 k - a +6 ring of intelligence (right hand)
Scrolls
 e - 2 scrolls of fear {unknown}
 g - 3 scrolls of identify {unknown}
 j - 3 scrolls of magic mapping {unknown}
 l - a scroll of amnesia {unknown}
 n - a scroll of fog {unknown}
Potions
 a - 2 potions of berserk rage {unknown}
 f - a potion of attraction {unknown}
 h - a potion of might {unknown}
 i - a potion of curing {unknown}
 m - a potion of lignification {unknown}
 o - a potion of heal wounds {unknown}


   Skills:
 - Level 1.5 Dodging
 - Level 2.1 Stealth
 + Level 3.1 Spellcasting
 - Level 0.7 Transmutations
 + Level 4.8 Earth Magic


You had 2 spell levels left.
You knew the following spells:

 Your Spells              Type           Power        Failure   Level
a - Sandblast             Erth           48%          1%          1
b - Petrify               Tmut/Erth      15%          16%         4
c - Passwall              Tmut/Erth      12%          2%          2

Your spell library contained the following spells:

 Spells                   Type           Power        Failure   Level
 Stone Arrow              Conj/Erth      28%          6%          3
 Lee's Rapid Deconstruct  Erth           12%          19%         5


Dungeon Overview and Level Annotations

Branches:
Dungeon (3/15)

Altars:
Zin


Innate Abilities, Weirdness & Mutations

You are resistant to torment.
Your stone body is resilient. (AC +3)
You are immune to poison.
You resist negative energy. (rN+)
You are resistant to electric shocks. (rElec)
You can survive without breathing.
You are immune to petrification.
You are immune to miasma.


Message History

There is a stone staircase leading up here.
Sorry, I don't know how to traverse that place.
(D) Dungeon
Where to? (Enter - D:2 @ (x,y), ? - help)
Okay, then.
There is an open door here.
There is an open door here.
There is an open door here.
Casting: Sandblast (safe; 1% risk of failure)
Confirm with . or Enter, or press ? or * to list all spells.
You aren't next to any passable walls.
There is an open door here.
Casting: Passwall (safe; 2% risk of failure)
Confirm with . or Enter, or press ? or * to list all spells.
Aiming: Passwall (safe; 2% risk of failure)
Press: ? - help, Dir - move target A rock wall.
This rock feels extremely deep.
There is an open door here.
Are you sure you want to abandon this character and quit the game? (Confirm with "yes".)

.#####.....##...†..........# #...
'## #.....................# #...
..# ##.....................###...
..# #........#######.........+...
..# #....###########.....)...#...
..# #....# #...#######....#...
..###....# ?.?# #............
...##....# #########...........
...##....# #..@..# #....)......
...##....# #.._..# ###.........
#####....# #.....###.#.........
.....##### ####'####..#....#....
.....########..........#....'....
...........##..........#....#...#
...........'......#....#....#..##
...........######+#...##....#.##
......###.............###'#####


There were no monsters in sight!

Vanquished Creatures
  2 adders (D:3)
  4 orcs (D:2)
  A ball python (D:1)
  5 bats
  A giant cockroach (D:3)
  4 goblins
  4 hobgoblins
  6 kobolds
  A quokka (D:3)
  4 frilled lizards
  5 rats
37 creatures vanquished.

Notes
Turn   | Place    | Note
-------+----------+-------------------------------------------
     0 | D:1      | phalm the Gargoyle Earth Elementalist began the quest for
                  | the Orb.
     0 | D:1      | Reached XP level 1. HP: 10/10 MP: 3/3
   356 | D:1      | Reached XP level 2. HP: 15/15 MP: 1/5
   445 | D:1      | Reached skill level 4 in Earth Magic
  1453 | D:2      | Reached XP level 3. HP: 19/19 MP: 4/6
  1771 | D:2      | Found a glowing silver altar of Zin.
  2096 | D:2      | need digging here
  2118 | D:3      | Reached XP level 4. HP: 22/24 MP: 0/8
  2285 | D:2      | Learned a level 4 spell: Petrify
  2288 | D:2      | Learned a level 2 spell: Passwall
  2395 | D:2      | Quit the game

Illustrated notes

######.##..#....# #.#.#..##
....##..#.......#####.#.#...#
....###.##.##.............###
....#..>....#.........#.#.#
....#.##..#....#......#.#.#
....#.#......<...####.#.#.#
....#.#.................#.#
###.#.#..........#####.##.#
..#.#...........@.......#.#
..#.####..###.###########(#
..#.#.....................#
###.#.###..##.###########.#
#.....^....##.# #.#
.#.........[#.# #.#
.##.........#.# ###
.###..........## ##
##.)#...#...#


Turn 2096 on D:2: need digging here

Levels and vault maps discovered:
D:1:      dpeg_arrival_arbitrary_b, layout_basic, kennysheep_pointless_box
D:2:      layout_basic, zin_scriptorium, wad_orctagon
D:3:      layout_loops_cross, kennysheep_ying_yang, lemuel_round_altar,
          lemuel_blue_sif_altar

Skill      XL: |  1  2  3 |
---------------+----------+-----
Earth Magic    | 4 |  4.8
Spellcasting   | 3 |  3.1
Dodging        | |  1.5
Stealth        | |  2.1
Transmutations | |  0.7

Action                   |  1- 3 |  4- 6 || total
-------------------------+-------+-------++-------
Melee: Club              |     2 |       ||     2
       Mace              |     1 |     5 ||     6
 Cast: Sandblast         |    50 |     2 ||    52
       Passwall          |       |     1 ||     1
 Stab: Sleeping          |     1 |       ||     1
Armor: Robe              |     4 |     3 ||     7
Dodge: Dodged            |     8 |    15 ||    23
